 Dungeon Sprint DCSS version 0.27-a0-1136-g0b992a5a9d (webtiles) character file.

Game seed: 10932729036655429807

6692 Zeld the Destroyer (level 11, -1/64 HPs)
             Began as an Octopode Conjurer on May 4, 2021.
             Was a High Priest of Sif Muna.
             Slain by a lindwurm (16 damage)
             ... in the Dungeon (Sprint I: "Red Sonja").
             The game lasted 00:06:01 (3683 turns).

Zeld the Destroyer (Octopode Conjurer)              Turns: 3683, Time: 00:06:02

Health: -1/64      AC:  1    Str:  7      XL:     11   Next: 3%
Magic:  8/24       EV: 12    Int: 23      God:    Sif Muna [*****.]
Gold:   276        SH:  5    Dex:  8 (9)  Spells: 17/28 levels left

rFire    . . .     SeeInvis .   (no weapon)
rCold    . . .     Faith    .   h - +0 kite shield
rNeg     . . .     Spirit   .   (helmet restricted)
rPois    .         Reflect  .   (no amulet)
rElec    .         Harm     .   (no ring)
rCorr    .         Rampage  .   (no ring)
Will     .....     NoTele   +   (no ring)
Stlth    +++.......             (no ring)
HPRegen  0.20/turn              (no ring)
MPRegen  0.19/turn              (no ring)
                                (no ring)
                                (no ring)

@: unable to read
A: almost no armour, amphibious, 8 rings, camouflage 1, gelatinous body 1,
(nimble swimmer 1), tentacles, clumsy 1, deterioration 2, frail 2, screaming 1,
inability to read while threatened
a: Renounce Religion, Channel Magic, Forget Spell, Divine Exegesis


You were in the Dungeon.
You worshipped Sif Muna.
Sif Muna was extremely pleased with you.
You visited 1 branch You collected 977 gold pieces.
You spent 701 gold pieces at shops.

Inventory:

Armour
 h - a +0 kite shield (worn)
Wands
 a - a wand of digging (1)
Scrolls
 g - 2 scrolls of blinking
 i - a scroll of magic mapping
 j - 5 scrolls of identify
Potions
 b - 5 potions of curing
 c - 3 potions of heal wounds
 d - 2 potions of haste
 e - 2 potions of magic


   Skills:
 + Level 9.6 Fighting
 + Level 10.0 Dodging
 - Level 2.6 Stealth
 + Level 9.2 Spellcasting
 * Level 13.7 Conjurations
 - Level 6.0 Hexes
 - Level 6.0 Translocations
 * Level 13.1 Invocations


You had 17 spell levels left.
You knew the following spells:

 Your Spells              Type           Power      Damage    Failure   Level
a - Magic Dart            Conj           100%       1d8       1%          1
b - Searing Ray           Conj           100%       3d7       1%          2
c - Fulminant Prism       Conj/Hex       27%        3d14      8%          4
d - Iskenderun's Mystic   Conj/Tloc      54%        2d12      8%          4

Your spell library contained the following spells:

 Spells                   Type           Power      Damage    Failure   Level
 Dazzling Flash           Conj/Hex       100%       N/A       2%          3
 Conjure Flame            Conj/Fire      42%        6-21      8%          3
 Stone Arrow              Conj/Erth      84%        3d12      8%          3
 Wereblood                Tmut           10%        N/A       54%         2
 Lightning Bolt           Conj/Air       21%        1d36      56%         5
 Bolt of Magma            Conj/Fire/Erth 15%        4d9       88%         5
 Blade Hands              Tmut           5%         N/A       100%        6


Dungeon Overview and Level Annotations

Branches:
Dungeon (1/1)

Altars:
Cheibriados
Dithmenos
Elyvilon
Fedhas
Gozag
Hepliaklqana
Kikubaaqudgha
Makhleb
Nemelex Xobeh
Okawaru
Qazlal
Ru
Sif Muna
Trog
Uskayaw
Vehumet
Wu Jian
Xom
Yredelemnul
Zin
The Shining One
Jiyva
Lugonu

Shops:
D ([[*?*[


Innate Abilities, Weirdness & Mutations

You cannot wear most types of armour.
You are amphibious.
You can wear up to eight rings at the same time.
Your skin changes colour to match your surroundings (Stealth+).
Your rubbery body absorbs attacks. (AC +1, EV +1)
((You are camouflaged near water. (Stealth+)))
You have tentacles for arms and can constrict up to eight enemies at once.
You are clumsy. (Dex -2)
Your body often deteriorates upon taking damage.
You are very frail. (-20% HP)
You occasionally shout uncontrollably at your foes.
You sometimes lose the ability to read scrolls when taking damage.


Message History

You now have 276 gold pieces (gained 27).
A lindwurm comes into view.
Casting: Searing Ray (safe; 1% risk of failure)
Confirm with . or Enter, or press ? or * to list all spells.
Aiming: Searing Ray (safe; 1% risk of failure)
Press: ? - help, Shift-Dir - straight line, f - lindwurm
Aim: a lindwurm (purple smoke, asleep, 100% to hit)
The searing ray hits the lindwurm.
The lindwurm is lightly wounded.
The lindwurm roars! (Press . to maintain the ray.)
The lindwurm breathes flames at you. The blast of flame hits you!!
Your body deteriorates!
You feel clumsy.
You finish channeling your searing ray.
The lindwurm barely misses you. The lindwurm claws you.
You feel threatened and lose the ability to read scrolls!
The lindwurm barely misses you.
Casting: Searing Ray (safe; 1% risk of failure)
Confirm with . or Enter, or press ? or * to list all spells.
You erupt in a blast of force!
The mystic blast hits the lindwurm!
The lindwurm is moderately wounded.
The lindwurm is knocked back by the mystic blast.
The lindwurm slams into the stone wall!
The lindwurm bites you! The lindwurm claws you.
* * * LOW HITPOINT WARNING * * *
You block the lindwurm's attack.
Casting: Iskenderun's Mystic Blast (dangerous; 8% risk of failure)
Confirm with . or Enter, or press ? or * to list all spells.
You erupt in a blast of force!
The mystic blast hits the lindwurm.
The lindwurm is moderately wounded.
The lindwurm is knocked back by the mystic blast.
The lindwurm slams into the stone wall!
Unknown command.
Casting: Iskenderun's Mystic Blast (dangerous; 8% risk of failure)
Confirm with . or Enter, or press ? or * to list all spells.
You erupt in a blast of force!
The mystic blast hits the lindwurm!
The lindwurm is heavily wounded.
The lindwurm bites you!
You die...

#####################
..#__#..).).#)[#§k§§+
..'..'..#...##'#@#
#'#__####...'..#§#
#[#### #####..§§# #.#
#+#### _.+ ._#
#'##+### #)#.[.?###
####'###)##


You could see a lindwurm.

Vanquished Creatures
  Sonja (D)
  A deep troll (D)
  8 shining eyes (D)
  2 kobold demonologists (D)
  4 demonic crawlers (D)
  A slime creature (D)
  Sigmund (D)
  A yak (D)
  5 floating eyes (D)
  An ogre (D)
  A jelly (D)
  Ijyb (D)
27 creatures vanquished.

Vanquished Creatures (others)
  A gargoyle (D)
  2 ballistomycete spores (D)
3 creatures vanquished.

Grand Total: 30 creatures vanquished

Notes
Turn   | Place    | Note
-------+----------+-------------------------------------------
     0 | D        | Zeld the Octopode Conjurer began the quest for the Orb.
     0 | D        | Reached XP level 1. HP: 11/11 MP: 3/3
     3 | D        | Noticed Ijyb
    12 | D        | Killed Ijyb
    13 | D        | Reached skill level 5 in Conjurations
    13 | D        | Reached XP level 2. HP: 19/19 MP: 1/6
    13 | D        | Reached XP level 3. HP: 24/24 MP: 1/7
   109 | D        | Learned a level 2 spell: Searing Ray
   109 | D        | Noticed an ogre
   113 | D        | Killed an ogre
   114 | D        | Reached XP level 4. HP: 33/33 MP: 3/10
   119 | D        | Learned a level 4 spell: Fulminant Prism
   124 | D        | Learned a level 4 spell: Iskenderun's Mystic Blast
   282 | D        | Killed a gargoyle
   410 | D        | Noticed Sigmund
   425 | D        | Killed Sigmund
   426 | D        | Reached skill level 5 in Hexes
   426 | D        | Reached skill level 5 in Translocations
   426 | D        | Reached XP level 5. HP: 34/37 MP: 3/11
   426 | D        | Reached XP level 6. HP: 39/43 MP: 3/12
   709 | D        | Found an ornate altar of the Wu Jian Council.
   709 | D        | Found a shimmering blue altar of Sif Muna.
   711 | D        | Found a radiant altar of Vehumet.
   716 | D        | Became a worshipper of Sif Muna the Loreminder
   923 | D        | Found Fatidd's General Store.
   923 | D        | Found an ancient bone altar of Kikubaaqudgha.
   923 | D        | Found a hazy altar of Hepliaklqana.
   923 | D        | Found a hide-covered altar of Uskayaw.
   923 | D        | Found a basalt altar of Yredelemnul.
   923 | D        | Found an opulent altar of Gozag.
   923 | D        | Found a snail-covered altar of Cheibriados.
   923 | D        | Found a sacrificial altar of Ru.
   923 | D        | Found a shadowy altar of Dithmenos.
   923 | D        | Noticed a yak
   924 | D        | Found a stormy altar of Qazlal.
   924 | D        | Found a blossoming altar of Fedhas.
   924 | D        | Found a bloodstained altar of Trog.
   924 | D        | Found an iron altar of Okawaru.
   924 | D        | Found a glowing silver altar of Zin.
   931 | D        | Killed a yak
   932 | D        | Reached skill level 5 in Dodging
   962 | D        | Found a glowing golden altar of the Shining One.
   962 | D        | Found a white marble altar of Elyvilon.
   995 | D        | Found a sparkling altar of Nemelex Xobeh.
   999 | D        | Bought a potion of haste for 110 gold pieces
   999 | D        | Bought a potion of heal wounds for 55 gold pieces
   999 | D        | Bought a scroll of identify for 22 gold pieces
   999 | D        | Bought a scroll of identify for 22 gold pieces
  1116 | D        | Found a burning altar of Makhleb.
  1116 | D        | Found a viscous altar of Jiyva.
  1116 | D        | Found a shimmering altar of Xom.
  1116 | D        | Found a corrupted altar of Lugonu.
  1116 | D        | Noticed a slime creature
  1123 | D        | Killed a slime creature
  1123 | D        | Reached * piety under Sif Muna
  1124 | D        | Reached skill level 5 in Fighting
  1124 | D        | Reached skill level 5 in Spellcasting
  1124 | D        | Reached skill level 5 in Invocations
  1124 | D        | Reached XP level 7. HP: 50/50 MP: 0/14
  1224 | D        | Noticed Sonja
  1231 | D        | Killed Sonja
  1232 | D        | Reached skill level 10 in Conjurations
  1232 | D        | Reached XP level 8. HP: 57/57 MP: 3/17
  1421 | D        | Found Raluch's Weapon Boutique.
  1530 | D        | Noticed a deep troll
  1537 | D        | Killed a deep troll
  1538 | D        | Reached XP level 9. HP: 5/63 MP: 16/19
  1700 | D        | Found Ejaazaut's Armour Emporium.
  1708 | D        | Bought a +0 kite shield for 54 gold pieces
  1939 | D        | Noticed a shining eye
  1939 | D        | Noticed a shining eye
  1939 | D        | Noticed a shining eye
  1945 | D        | Paralysed by a floating eye for 3 turns
  1967 | D        | Gained mutation: Your body sometimes deteriorates upon
                  | taking damage. [a shining eye]
  1971 | D        | Gained mutation: You are clumsy. (Dex -2) [a shining eye]
  1973 | D        | Killed a shining eye
  1973 | D        | Reached ** piety under Sif Muna
  2176 | D        | Killed a shining eye
  2177 | D        | Reached skill level 10 in Invocations
  2359 | D        | Noticed a shining eye
  2359 | D        | Noticed a shining eye
  2359 | D        | Noticed a shining eye
  2360 | D        | Paralysed by a floating eye for 4 turns
  2366 | D        | Paralysed by a floating eye for 4 turns
  2375 | D        | Gained mutation: You sometimes lose the ability to read
                  | scrolls when taking damage. [a shining eye]
  2378 | D        | Gained mutation: You are frail. (-10% HP) [a shining eye]
  2379 | D        | Killed a shining eye
  2379 | D        | Reached *** piety under Sif Muna
  2531 | D        | Killed a shining eye
  2532 | D        | Reached XP level 10. HP: 64/64 MP: 13/22
  2586 | D        | Gained mutation: You occasionally shout uncontrollably at
                  | your foes. [a shining eye]
  2595 | D        | Killed a shining eye
  2710 | D        | Killed a shining eye
  2887 | D        | Noticed a shining eye
  2887 | D        | Noticed a shining eye
  2892 | D        | Gained mutation: You are very frail. (-20% HP) [a shining
                  | eye]
  2893 | D        | Gained mutation: Your spells are a little harder to cast,
                  | but a little more powerful. [a shining eye]
  2911 | D        | Killed a shining eye
  2911 | D        | Reached **** piety under Sif Muna
  3003 | D        | Gained mutation: Your magical capacity is low. (-10% MP) [a
                  | shining eye]
  3010 | D        | Gained mutation: Your body often deteriorates upon taking
                  | damage. [a shining eye]
  3014 | D        | Lost mutation: Your magical capacity is low. (-10% MP) [a
                  | shining eye]
  3016 | D        | Lost mutation: Your spells are a little harder to cast, but
                  | a little more powerful. [a shining eye]
  3019 | D        | Killed a shining eye
  3267 | D        | Found Suhigon's Magic Scroll Shop.
  3267 | D        | Found Mamorruw's Antique Armour Shoppe.
  3267 | D        | Found Ufise's General Store.
  3267 | D        | Found Mesuic's Armour Emporium.
  3283 | D        | Bought a potion of curing for 36 gold pieces
  3283 | D        | Bought a potion of heal wounds for 60 gold pieces
  3285 | D        | Bought a scroll of holy word for 90 gold pieces
  3285 | D        | Bought a scroll of blinking for 90 gold pieces
  3285 | D        | Bought a scroll of magic mapping for 42 gold pieces
  3285 | D        | Bought a scroll of identify for 24 gold pieces
  3285 | D        | Bought a scroll of identify for 24 gold pieces
  3285 | D        | Bought a scroll of identify for 24 gold pieces
  3285 | D        | Bought a scroll of identify for 24 gold pieces
  3285 | D        | Bought a scroll of identify for 24 gold pieces
  3337 | D        | Noticed a kobold demonologist
  3339 | D        | Paralysed by a floating eye for 3 turns
  3343 | D        | Noticed a kobold demonologist
  3344 | D        | Killed a kobold demonologist
  3351 | D        | Killed a kobold demonologist
  3351 | D        | Reached ***** piety under Sif Muna
  3351 | D        | Identified Sif Muna's Volume of Conjuration and
                  | Transmigration (Sif Muna gifted it to you in the Dungeon)
  3351 | D        | Received a gift from Sif Muna
  3444 | D        | Reached skill level 10 in Dodging
  3444 | D        | Reached XP level 11. HP: 62/64 MP: 5/24
  3677 | D        | Noticed a lindwurm
  3683 | D        | Slain by a lindwurm

Illustrated notes

Levels and vault maps discovered:
D:        dungeon_sprint_1 [red_sonja_temple_1, red_sonja_temple_small_1]

Skill      XL: |  1  2  3  4  5  6  7  8  9 10 |
---------------+-------------------------------+-----
Fighting       | 2 3 5 6 8 9 |  9.6
Dodging        | 3 4 5 6 7 8 10 | 10.0
Spellcasting   | 3 4 5 6 8 9 |  9.2
Conjurations   | 5 7 8 10 12 13 | 13.7
Hexes          | 5 6 |  6.0
Translocations | 5 6 |  6.0
Invocations    | 5 7 8 11 13 | 13.1
Stealth        | |  2.6

Action                   |  1- 3 |  4- 6 |  7- 9 | 10-12 || total
-------------------------+-------+-------+-------+-------++-------
Melee: Unarmed           |     5 |       |     3 |       ||     8
       Constrict         |     1 |       |     1 |       ||     2
       Tentacles         |     1 |       |       |       ||     1
 Cast: Magic Dart        |     2 |       |     8 |     4 ||    14
       Searing Ray       |     1 |     7 |    12 |    15 ||    35
       Iskenderun's Myst |       |     2 |     3 |     8 ||    13
Invok: Channel Magic     |       |       |     1 |       ||     1
Evoke: Wand              |     1 |       |       |       ||     1
  Use: Potion            |     1 |       |       |       ||     1
       Scroll            |       |       |     2 |     1 ||     3
Armor: Skin              |       |     1 |       |     1 ||     2
Dodge: Dodged            |     2 |     3 |     1 |     7 ||    13
Block: Kite shield       |       |       |       |     3 ||     3

Table legend: (Time is in decaauts)
 A = Elapsed time spent in this place.
 B = Non-inter-level travel time spent in this place.
 C = Inter-level travel time spent in this place.
 D = Time resting spent in this place.
 E = Time spent auto-exploring this place.
 F = Levels seen in this place.
 G = Mean time per level.
                   A        B        C        D        E       F      G
               +--------+--------+--------+--------+--------+-----+--------+
         Total |   3691 |   3662 |     29 |   3060 |      0 |   1 | 3691.0 |
       Dungeon |   3691 |   3662 |     29 |   3060 |      0 |   1 | 3691.0 |
               +--------+--------+--------+--------+--------+-----+--------+

Top non-repeatable levels by time:
       D: 3691 daAuts
